AoeStats
← dizzygreenman

Arena

510448667Analyzed
1v1 RM · 1d ago on Oct 1, 2026· 30m 4s· 2 players
Game mode
Random Map
Map size
Tiny (2 player)
Population
200
Speed
Normal
Resources
Standard
Victory
Conquest
Starting age
Dark Age
Ending age
Imperial Age
RankedLock teamsTeams togetherTeam positionsShared explorationLock speedFull tech treeHidden civsTurbo modeCheats
Victory
Defeat
🇺🇸 Hindustanis · United States
149
+10
🇲🇽 Spanish · Mexico
8
-8
Ryuk7035
7:34 Loom
13:36 Feudal Age
21:01 Arson
23:28 Castle Age
24:19 Gambesons
30:02 Squires
dizzygreenman
7:04 Loom
15:15 Feudal Age
17:18 Town Watch
18:09 Wheelbarrow
17:22 Town Watch
19:58 Fletching
19:53 Horse Collar
21:22 Arson
Connection lost

Rejoining the realm…

Still unreachable

The connection could not be restored.

Session expired

The server has moved on; the page needs a fresh start.